Map: Last Fantasy LE

Players

ManlyManMeat

  • Race: Terran Terran
  • League: Master
  • Spawn Location: 3:00

Chuzzzzz - Winner!

  • Race: Protoss Protoss
  • League: Platinum
  • Spawn Location: 12:00

VOD

Have the link to the VOD?

Description

Time

  • Played on: May 17, 2025, 10:02 a.m.
  • Length: 4:18
Show
View Real Time Build Order
Export as new Build Order

ManlyManMeat Terran 

Build Orders:  

Get SALT Encoding   

  12  0:00  SCV  
  13  0:12  SCV  
  14  0:19  Supply Depot  
  14  0:24  SCV  
  15  0:40  SCV  
  16  0:43  Barracks  
  16  0:47  Refinery  
  16  0:52  SCV  
  17  1:05  SCV  
  18  1:17  SCV  
  19  1:38  Command Center  
  19  1:39  Orbital Command  
  19  1:49  Barracks Reactor  
  19  2:05  Barracks  
  19  2:18  Barracks  
  19  2:27  Marine x2  
  21  2:30  Supply Depot  
  21  2:37  SCV  
  22  2:43  Factory  
  22  2:49  SCV  
  22  2:50  Marine x2  
  25  2:56  Orbital Command  
  25  3:01  SCV  
  26  3:08  Barracks Tech Lab  
  26  3:10  Marine  
  27  3:13  SCV, Barracks Reactor  
  28  3:22  Marine  
  28  3:24  SCV  
  29  3:28  Marine  
  30  3:36  Marine  
  30  3:40  Marine  
Show
View Real Time Build Order
Export as new Build Order

Chuzzzzz Protoss - Winner!

Build Orders:  

Get SALT Encoding   

  12  0:00  Probe  
  13  0:13  Probe  
  14  0:18  Pylon  
  14  0:25  Probe  
  15  0:37  Probe  
  15  0:40  Gateway  
  16  0:49  Probe  
  17  0:50  Assimilator  
  17  1:01  Probe  
  18  1:05  Gateway  
  18  1:09  Probe  
  18  1:17  Probe  
  19  1:19  Pylon  
  20  1:27  Probe  
  21  1:34  Cybernetics Core  
  21  1:39  Probe  
  22  1:53  Pylon  
  22  1:58  Probe  
  23  2:02  Warp Gate  
  23  2:04  Assimilator  
  23  2:09  Stalker  
  23  2:10  Probe, Stalker  
  23  2:11  Pylon  
  28  2:29  Probe  
  29  2:35  Stalker  
  29  2:37  Stalker  
  32  3:06  Probe  
  32  3:08  Nexus  
  33  3:18  Twilight Council, Probe  
  34  3:56  Stalker  
  34  3:57  Stalker  
  38  4:09  Pylon  
  38  4:10  Pylon  
Tags
 
Add a new tag
Caveats
  • Supply blocks, unpowered buildings, or Contaminate may cause inaccurate times.
  • Supply counts are checked every 10 seconds.